 Dungeon Crawl Stone Soup version 0.18.1-48-g4cf74bf (webtiles) character file.

37 Joat the Stinger (level 3, -4/21 HPs)
             Began as an Octopode Venom Mage on Aug 5, 2016.
             Slain by an adder (5 damage)
             ... on level 1 of the Dungeon.
             The game lasted 00:14:25 (1345 turns).

Joat the Stinger (Octopode Venom Mage)              Turns: 1345, Time: 00:14:25

Health: -4/21      AC:  1    Str:  7    XL:     3   Next: 39%
Magic:  0/6        EV: 12    Int: 18    God:
Gold:   72         SH:  0    Dex: 12    Spells: 3 memorised, 0 levels left

rFire  . . .     SeeInvis .     f - +0 dagger
rCold  + . .     Gourm    .     (no shield)
rNeg   . . .     Faith    .     (helmet restricted)
rPois  .         Spirit   .     (no amulet)
rElec  .         Dismiss  .     l - ring of protection from cold
rCorr  .         Reflect  .     (no ring)
SustAt .         Harm     .     (no ring)
MR     .....                    (no ring)
Stlth  +++.......               (no ring)
                                (no ring)
                                (no ring)
                                (no ring)

@: very slightly contaminated, not resistant to hostile enchantments, fairly
stealthy
A: almost no armour, amphibious, 8 rings, constrict 8, camouflage 1, gelatinous
body 1
a: no special abilities


You were on level 1 of the Dungeon.
You were not hungry.

You visited 1 branch of the dungeon, and saw 2 of its levels.

You collected 72 gold pieces.

Inventory:

Hand Weapons
 f - a +0 dagger (weapon)
Missiles
 e - 87 stones (quivered)
 r - 16 arrows
Jewellery
 l - a ring of protection from cold (left tentacle)
Scrolls
 h - a scroll of recharging {unknown}
 i - a scroll of teleportation {unknown}
 m - a scroll of fog {unknown}
 p - 2 scrolls of remove curse {unknown}
 q - a scroll of identify {unknown}
Potions
 c - 2 potions of flight {unknown}
 d - a potion of curing {unknown}
 j - a potion of agility {unknown}
 k - a potion of resistance {unknown}
 o - 2 potions of cure mutation {unknown}
Books
 a - a Young Poisoner's Handbook

   Spells                             Type                      Level
   a - Sting                          Conjuration/Poison           1
   b - Cure Poison                    Poison                       2
   c - Mephitic Cloud                 Conjuration/Poison/Air       3
   d - Olgreb's Toxic Radiance        Poison                       4
   e - Venom Bolt                     Conjuration/Poison           5
Comestibles
 b - a bread ration
 g - a beef jerky


   Skills:
 - Level 2.0 Dodging
 - Level 2.6 Stealth
 - Level 2.0 Spellcasting
 + Level 2.9 Conjurations
 + Level 4.8 Poison Magic


You couldn't memorise any spells.
You knew the following spells:

 Your Spells              Type           Power        Failure   Level  Hunger
a - Sting                 Conj/Pois      ###.         4%          1    #......
b - Cure Poison           Pois           ###.......   4%          2    ###....
c - Mephitic Cloud        Conj/Pois/Air  ##......     21%         3    ###....


Dungeon Overview and Level Annotations

Branches:
Dungeon (2/15)

Altars:


Innate Abilities, Weirdness & Mutations

You cannot wear most types of armour.
You are amphibious.
You can wear up to eight rings at the same time.
You can use your tentacles to constrict eight enemies at once.
Your skin changes colour to match your surroundings (Stealth).
Your rubbery body absorbs attacks (AC +1).


Message History

You are poisoned.
The adder poisons you!
You feel sick.
The gnoll throws a stone.
The stone hits you.
* * * LOW HITPOINT WARNING * * *
The orc throws a stone.
The stone misses you.
There is a stone staircase leading up here.
* * * LOW HITPOINT WARNING * * *
You feel sick. The adder bites you.
* * * LOW HITPOINT WARNING * * *
The gnoll throws a stone.
The stone closely misses you. The adder barely misses you.
The orc throws a stone.
The stone closely misses you.
You climb upwards.
There is a stone staircase leading down here.
Casting: Sting
Confirm with . or Enter, or press ? or * to list all spells.
You are no longer poisoned.
The adder bites you.
You die...

######## #......#
#.####.### ##.# #....
################..# ##..##
#.......S@#...#...###.....
#.#######.#.#...........##
#.#######.#...#...####..##
#.##.........###..####..##
#.##..###.#### #..........
#.##..###.# #.#########
#.##....#.# ##+## #
#.[.......# ##...## #
####......# ##.....## #


You could see an adder.

Vanquished Creatures
  An ooze (D:1)
  A worm (D:2)
  A giant gecko (D:1)
  5 bats
  2 giant cockroaches (D:1)
  6 goblins
  4 jackals (D:1)
  4 giant newts (D:1)
  2 kobolds (D:1)
  A rat (D:1)
27 creatures vanquished.

Notes
Turn   | Place    | Note
--------------------------------------------------------------
     0 | D:1      | Joat the Octopode Venom Mage began the quest for the Orb.
     0 | D:1      | Reached XP level 1. HP: 11/11 MP: 3/3
    76 | D:1      | Reached skill level 1 in Conjurations
   138 | D:1      | Reached XP level 2. HP: 9/17 MP: 3/5
   142 | D:1      | Learned a level 2 spell: Cure Poison
   703 | D:1      | Reached XP level 3. HP: 14/21 MP: 6/6
   746 | D:1      | Learned a level 3 spell: Mephitic Cloud
  1343 | D:2      | HP: 1/21 [adder (4)]
  1345 | D:1      | Slain by an adder

Skill      XL: |  1  2 |
---------------+-------+-----
Conjurations   | 1 2 |  2.9
Dodging        | |  2.0
Stealth        | |  2.6
Spellcasting   | |  2.0
Poison Magic   | |  4.8

Action                   || total
-------------------------++-------
Melee: Unarmed           ||    10
       Constrict         ||     7
       Tentacles         ||     5
       Dagger            ||    27
 Cast: Sting             ||    24
       Cure Poison       ||     1
 Stab: Sleeping          ||     6
  Eat: Chunk             ||     2
Armor: Skin              ||     8
Dodge: Dodged            ||    42
